AoeStats
← DarkFace835823

Yucatan

510519594Analyzed
2v2 RM · 20h ago on Oct 1, 2026· 47m 37s· 4 players
Game mode
Random Map
Map size
Medium (4 player)
Population
200
Speed
Normal
Resources
Standard
Victory
Conquest
Starting age
Dark Age
Ending age
Imperial Age
RankedLock teamsTeams togetherTeam positionsShared explorationLock speedFull tech treeHidden civsTurbo modeCheats
Victory
Defeat
🇮🇳 Danes · India
865
+14
🇫🇷 Chinese · France
751
+17
🇨🇳 Franks · China
820
-16
🇨🇦 Bohemians · Canada
790
-15
笨手笨脚还爱玩
0:28 Loom
11:34 Feudal Age
14:37 Double-Bit Axe
19:36 Castle Age
22:45 Scale Barding Armor
23:50 Bow Saw
25:37 Wheelbarrow
27:56 Hand Cart
34:26 Caravan
37:33 Imperial Age
37:01 Husbandry
37:20 Masonry
37:21 Fortified Wall
37:08 Murder Holes
37:41 Cavalier
38:44 Conscription
37:50 Elite Throwing Axeman
39:56 Elite Skirmisher
40:09 Heavy Scorpion
41:17 Paladin
43:08 Architecture
43:10 Forging
42:52 Fletching
43:03 Padded Archer Armor
45:02 Ballistics
45:43 Chemistry
45:07 Chain Barding Armor
45:23 Iron Casting
Cereal_Farmer
11:21 Feudal Age
12:54 Wheelbarrow
12:28 Double-Bit Axe
19:58 Castle Age
27:34 Imperial Age
28:19 Fletching
28:37 Squires
27:58 Pikeman
29:48 Horse Collar
30:23 Bow Saw
31:20 Fervor
31:56 Halberdier
34:36 Heavy Plow
37:30 Chemistry
35:55 Elite Hussite Wagon
38:34 Wagenburg Tactics
40:37 Hand Cart
41:48 Sanctity
41:15 Loom
41:17 Town Watch
41:44 Forging
41:31 Bodkin Arrow
41:37 Scale Mail Armor
43:28 Two-Man Saw
43:59 Caravan
44:50 Iron Casting
44:32 Chain Mail Armor
44:18 Bracer
46:43 Siege Engineers
DarkFace835823
12:06 Feudal Age
12:56 Double-Bit Axe
12:53 Horse Collar
14:46 Gold Mining
19:52 Castle Age
29:34 Heavy Plow
29:48 Bow Saw
35:39 Imperial Age
34:36 Wheelbarrow
33:47 Town Watch
34:27 Stone Mining
35:12 Gold Shaft Mining
38:00 Two-Man Saw
37:31 Elite Fire Lancer
38:39 Scale Mail Armor
39:22 Town Patrol
39:38 Hand Cart
40:23 Arson
40:39 Squires
41:00 Heated Shot
42:51 Chain Mail Armor
42:48 Forging
43:56 Elite Chu Ko Nu
47:28 Heavy Rocket Cart
Killing Strike
10:45 Feudal Age
9:57 Loom
18:41 Castle Age
17:01 Double-Bit Axe
16:58 Horse Collar
17:21 Stone Mining
25:24 Heavy Plow
35:42 Imperial Age
33:33 Gold Mining
34:18 Stone Shaft Mining
33:45 Hamask
34:40 Forging
34:31 Scale Mail Armor
34:47 Bow Saw
35:29 Wheelbarrow
34:39 Town Watch
34:47 Town Watch
36:45 Gold Shaft Mining
36:04 Heated Shot
36:29 Elite Jomsviking
36:55 Elite Skirmisher
37:41 Thumb Ring
39:26 Iron Casting
39:07 Chain Mail Armor
47:07 Blast Furnace
46:23 Chain Mail Armor
Connection lost

Rejoining the realm…

Still unreachable

The connection could not be restored.

Session expired

The server has moved on; the page needs a fresh start.